 Dungeon Crawl Stone Soup version 0.26-a0-579-g3afe4966bf (webtiles) character file.

Game seed: 9723990499893647603

819 Ge0ff the Caller (level 7, 0/38 HPs)
             Began as a Gargoyle Summoner on Aug 23, 2020.
             Slain by a quasit (2 damage)
             ... summoned by Eustachio
             ... on level 5 of the Dungeon.
             The game lasted 00:21:22 (9025 turns).

Ge0ff the Caller (Gargoyle Summoner)                Turns: 9025, Time: 00:21:23

Health: 0/38       AC:  5    Str: 12      XL:     7   Next: 95%
Magic:  13/13      EV: 12    Int: 17      God:
Gold:   211        SH:  0    Dex:  9 (10) Spells: 4/14 levels left

rFire    . . .     SeeInvis .   a - +0 dagger (venom) {don't train}
rCold    . . .     Faith    .   (no shield)
rNeg     + . .     Spirit   .   (no armour)
rPois    ∞         Reflect  .   U - +0 helmet
rElec    +         Harm     .   (no cloak)
rCorr    .                      (no gloves)
MR       .....                  (no boots)
Stlth    ++........             (no amulet)
HPRegen  0.12/turn              (no ring)
MPRegen  0.13/turn              (no ring)

@: no status effects
A: negative energy resistance 1, electricity resistance, unbreathing,
petrification resistance, rot immunity, AC +4
a: no special abilities


You were on level 5 of the Dungeon.
You visited 1 branch of the dungeon, and saw 5 of its levels.
You also visited: Sewer.

You collected 211 gold pieces.

Inventory:

Hand Weapons
 a - a +0 dagger of venom (weapon) {don't train}
Missiles
 c - 107 stones (quivered) {don't train}
 h - 9 sling bullets {don't train}
Armour
 U - a +0 helmet (worn)
Magical Staves
 b - an uncursed staff of earth {don't train}
Wands
 j - a wand of acid (5)
 P - a wand of polymorph (9)
Scrolls
 k - a scroll of enchant weapon
 B - a scroll of blinking
 C - 2 scrolls of remove curse
 E - a scroll of fear
 T - 2 scrolls of teleportation
 Y - a scroll of magic mapping {unknown}
Potions
 d - a potion of berserk rage {unknown}
 e - a potion of brilliance {unknown}
 l - a potion of cancellation {unknown}
 q - 5 potions of curing
 V - a potion of lignification {unknown}
 W - 6 potions of heal wounds {!q}
 Z - a potion of degeneration {unknown}


   Skills:
 - Level 1.0 Fighting
 - Level 1.5 Dodging
 - Level 2.1 Stealth
 + Level 4.2 Spellcasting
 + Level 6.4 Summonings
 * Level 3.5 Air Magic


You had 4 spell levels left.
You knew the following spells:

 Your Spells              Type           Power        Failure   Level
a - Summon Small Mammal   Summ           ####         1%          1
d - Call Canine Familiar  Summ           ####....     3%          3
l - Summon Lightning Spi  Summ/Air       ###.....     19%         4
s - Call Imp              Summ           ####....     1%          2

Your spell library contained the following spells:

 Spells                   Type           Power        Failure   Level
 Summon Guardian Golem    Hex/Summ       ##......     12%         3
 Summon Ice Beast         Ice/Summ       ##......     38%         4


Dungeon Overview and Level Annotations

Branches:
Dungeon (5/15)              Sewer (visited)
 Temple: D:4-7

Altars:
Cheibriados
Qazlal
Ru
Sif Muna
Trog
Uskayaw
Xom
Yredelemnul
Zin
The Shining One

Shops:
D:4 *

Annotations:
D:5 Eustachio


Innate Abilities, Weirdness & Mutations

You are resistant to torment.
Your stone body is resilient. (AC +4)
You are immune to poison.
You resist negative energy. (rN+)
You are resistant to electric shocks. (rElec)
You can survive without breathing.
You are immune to petrification.
You are immune to rotting.


Message History

The bat completely misses you. The ufetubus barely misses you.
The ufetubus closely misses you. The quokka bites you.
* * * LOW HITPOINT WARNING * * *
The quasit bites you.
* * * LOW HITPOINT WARNING * * *
The quasit closely misses you.
The quasit claws you but does no damage.
Eustachio hits you but does no damage. The ufetubus hits you.
* * * LOW HITPOINT WARNING * * *
The ufetubus hits you.
* * * LOW HITPOINT WARNING * * *
The ufetubus closely misses you. The ufetubus barely misses you.
You closely miss Eustachio.
Eustachio is severely wounded.
The bat closely misses you.
The ufetubus hits you but does no damage.
The ufetubus barely misses you.
The quokka bites you but does no damage.
The quasit bites you.
You die...

################
..........b....#
...............# #####..####...#
#######...#..#..#...# #
#..#..#.).#..#..#P.(#####
#.#..#..#)###.(##'#.......#
#.##)#÷##.....5@b.........######
#............b5@5...............
#...........##r##(........####..
#..####..####.).#(##......h...O.
#..#..#..# .'...#(.#......#####.
#..#..'..#..#...#..#......####>.
#..####..###########.###.....#..
#............... ....# #.....#..
####............ ... #.....#..
#####.#..... .... #.......#


You could see Eustachio (extremely poisoned), a quasit (summoned), 2 ufetubi, a
quokka (summoned) and 2 bats.

Vanquished Creatures
  A phantom (D:5)
  A centaur (D:4)
  A scorpion (D:5)
  A hound (D:4)
  2 orc priests
  An orc wizard (D:4)
  A worker ant (D:4)
  A hound skeleton (D:4)
  An adder (D:5)
  3 leopard geckos
  5 orcs
  4 goblins
  A hobgoblin (D:1)
  A ball python (Sewer)
  A bat (D:1)
  3 frilled lizards (D:2)
  A kobold (D:5)
  6 rats
35 creatures vanquished.

Vanquished Creatures (collateral kills)
  Sigmund (D:2)
  An ogre (D:4)
  3 big kobolds (Sewer)
  A wyvern skeleton (D:5)
  2 hounds (D:5)
  An orc wizard (D:3)
  Ijyb (D:3)
  2 worker ants (D:4)
  A river rat (Sewer)
  3 adders
  A shadow imp (D:2)
  A white imp (D:5)
  2 oozes (Sewer)
  9 worms
  4 dart slugs
  A leopard gecko (D:3)
  12 orcs
  5 bats
  5 giant cockroaches
  7 hobgoblins
  11 jackals
  25 kobolds
  3 quokkas
  4 ball pythons
  2 frilled lizards
  10 goblins
  A leopard gecko skeleton (D:4)
  3 rats
122 creatures vanquished.

Vanquished Creatures (others)
  4 plants (D:5)
4 creatures vanquished.

Grand Total: 161 creatures vanquished

Notes
Turn   | Place    | Note
-------+----------+-------------------------------------------
     0 | D:1      | Ge0ff the Gargoyle Summoner began the quest for the Orb.
     0 | D:1      | Reached XP level 1. HP: 10/10 MP: 3/3
     4 | D:1      | Noticed a minotaur skeleton
     7 | D:1      | Noticed a minotaur skeleton
   337 | D:1      | Reached XP level 2. HP: 16/16 MP: 5/5
   341 | D:1      | Learned a level 2 spell: Call Imp
   722 | D:1      | Reached skill level 1 in Fighting
   722 | D:1      | Reached skill level 4 in Summonings
  1111 | D:1      | Reached XP level 3. HP: 20/20 MP: 1/6
  1264 | D:2      | Learned a level 3 spell: Call Canine Familiar
  2432 | D:2      | Found a glowing silver altar of Zin.
  2432 | D:2      | Noticed Sigmund
  3177 | D:2      | Killed Sigmund
  3177 | D:2      | Reached skill level 5 in Summonings
  3177 | D:2      | Reached XP level 4. HP: 10/25 MP: 1/8
  3177 | D:2      | Reached XP level 5. HP: 11/29 MP: 1/9
  3477 | D:2      | Learned a level 4 spell: Summon Lightning Spire
  3689 | D:3      | Noticed Ijyb
  3851 | D:3      | Killed Ijyb
  3923 | D:3      | Found a shimmering altar of Xom.
  3923 | D:3      | Found a basalt altar of Yredelemnul.
  3924 | D:3      | Found a snail-covered altar of Cheibriados.
  4024 | D:3      | Found a sacrificial altar of Ru.
  4296 | D:3      | Found a glowing golden altar of the Shining One.
  4470 | D:3      | Noticed a nameless horror
  4855 | D:3      | Reached skill level 1 in Air Magic
  5410 | D:3      | Found a glowing golden altar of the Shining One.
  5539 | D:3      | Found a sacrificial altar of Ru.
  5576 | D:3      | Found a basalt altar of Yredelemnul.
  5613 | D:3      | Found a shimmering altar of Xom.
  5613 | D:3      | Found a snail-covered altar of Cheibriados.
  5883 | D:4      | Found a hide-covered altar of Uskayaw.
  5901 | D:4      | Noticed an ogre
  5909 | D:4      | Killed an ogre
  5909 | D:4      | Reached XP level 6. HP: 34/34 MP: 0/11
  6193 | D:4      | Found a glowing drain.
  6203 | Sewer    | Entered a sewer
  6514 | Sewer    | Reached XP level 7. HP: 27/38 MP: 2/12
  6969 | Sewer    | Reached skill level 6 in Summonings
  7481 | D:4      | Found Ugur's Lightly-Used Armoury.
  7685 | D:4      | Found a stormy altar of Qazlal.
  7839 | D:5      | Entered Level 5 of the Dungeon
  8401 | D:5      | Noticed Eustachio
  8560 | D:5      | Found a bloodstained altar of Trog.
  8654 | D:5      | Noticed a two-headed ogre
  8933 | D:5      | Found a shimmering blue altar of Sif Muna.
  9025 | D:5      | Slain by a quasit

Illustrated notes

Levels and vault maps discovered:
D:1:      shiori_arrival_whats_in_store_for_you, layout_basic,
          serial_corexii_hall, corexii_hall_statues_l, chequers_hall_statues_y,
          minmay_domino_4
D:2:      layout_basic, lemuel_coloured_pillars_altar, uniq_sigmund
D:3:      layout_rooms, lemuel_doored_altar, gammafunk_temple_overflow_claw,
          nicolae_tso_carved_into_rock, uniq_ijyb
D:4:      layout_basic, kennysheep_little_box, eat_drink_and_be_merry_uskayaw,
          gup_sewer_entry_bowl, minmay_shop_damaged
D:5:      corexii_shack_village, layout_rooms, kennysheep_mini,
          kennysheep_mini_moat, kennysheep_small_square, uniq_eustachio

Skill      XL: |  1  2  3  4  5  6  7 |
---------------+----------------------+-----
Fighting       | 1 |  1.0
Summonings     | 4 5 6 |  6.4
Spellcasting   | 3 4 |  4.2
Air Magic      | 1 2 3 |  3.5
Dodging        | |  1.5
Stealth        | |  2.1

Action                   |  1- 3 |  4- 6 |  7- 9 || total
-------------------------+-------+-------+-------++-------
Melee: Unarmed           |   102 |   122 |    21 ||   245
       Staff             |       |       |    74 ||    74
       Dagger            |       |       |    13 ||    13
Throw: Stone             |    14 |    17 |    10 ||    41
 Cast: Summon Small Mamm |     9 |       |       ||     9
       Call Imp          |    47 |    39 |    25 ||   111
       Call Canine Famil |     2 |    15 |    16 ||    33
       Summon Lightning  |       |       |     1 ||     1
Evoke: Wand              |       |     8 |     3 ||    11
  Use: Scroll            |     1 |     4 |     4 ||     9
       Potion            |       |       |     4 ||     4
 Stab: Sleeping          |     2 |       |       ||     2
       Distracted        |     1 |       |     1 ||     2
Armor: Robe              |    30 |    45 |    30 ||   105
       Skin              |       |       |    24 ||    24
Dodge: Dodged            |    72 |    56 |   123 ||   251

Table legend: (Time is in decaauts)
 A = Elapsed time spent in this place.
 B = Non-inter-level travel time spent in this place.
 C = Inter-level travel time spent in this place.
 D = Time resting spent in this place.
 E = Time spent auto-exploring this place.
 F = Levels seen in this place.
 G = Mean time per level.
                   A        B        C        D        E       F      G
               +--------+--------+--------+--------+--------+-----+--------+
         Total |   9106 |   8648 |    458 |    237 |   6322 |   6 | 1517.7 |
       Dungeon |   8231 |   7773 |    458 |    237 |   5758 |   5 | 1646.2 |
         Sewer |    874 |    874 |      0 |      0 |    563 |   1 |  874.0 |
               +--------+--------+--------+--------+--------+-----+--------+

Top non-repeatable levels by time:
     D:2: 2627 daAuts
     D:3: 1829 daAuts
     D:4: 1596 daAuts
     D:1: 1445 daAuts
   Sewer: 874 daAuts
     D:5: 732 daAuts
